[Event "Titled Tuesday Blitz July 20 2021"]
[White "Timofeev, Artyom"]
[Black "Quparadze, Giga"]
[WhiteFideId "4140419"]
[BlackFideId "13602250"]
[WhiteElo "2582"]
[BlackElo "2658"]
[Result "0-1"]
[Round "08"]
[TimeControl "180+1"]
[Date "2021.07.20"]
[WhiteClock "0:01:08"]
[BlackClock "0:00:49"]

1. c4 c5 2. Nf3 Nc6 3. Nc3 g6 4. g3 Bg7 5. Bg2 d6 6. O-O e6 7. e3 Nge7 8. d4 O-O 9. d5 Na5 10. Nd2 Rb8 11. Qc2 b5 12. dxe6 Bxe6 13. cxb5 d5 14. Nb3 Nxb3 15. axb3 d4 16. Rd1 Qb6 17. Ra6 Qc7 18. Rxe6 fxe6 19. Ne4 Nd5 20. Qxc5 dxe3 21. Bxe3 Rfc8 22. Rxd5 exd5 23. Qxd5+ Kh8 24. Ng5 Rf8 25. Ne6 Qf7 26. Nxf8 Rxf8 27. Bc5 Qxd5 28. Bxd5 Rf5 0-1


[Site "https://www.chess.com"]

[Event "Titled Tuesday Blitz July 20 2021"]
[White "Tologon tegin, Semetei"]
[Black "Shubenkova, Veronika"]
[WhiteFideId "13800574"]
[BlackFideId "44124040"]
[WhiteElo "2224"]
[BlackElo "1895"]
[Result "1-0"]
[Round "08"]
[TimeControl "180+1"]
[Date "2021.07.21"]
[WhiteClock "0:00:09"]
[BlackClock "0:00:12"]

1. d4 d5 2. c4 e6 3. Nc3 f5 4. Bf4 c6 5. Nf3 Nf6 6. g3 Bd6 7. Bg2 O-O 8. Bxd6 Qxd6 9. Ne5 Nbd7 10. f4 Ne4 11. c5 Qe7 12. Nxe4 fxe4 13. Nxd7 Bxd7 14. e3 b6 15. b4 a5 16. a3 bxc5 17. bxc5 a4 18. O-O Rfb8 19. Rb1 Qd8 20. Qc2 Qa5 21. Rb2 h6 22. Rfb1 Rxb2 23. Qxb2 Kh7 24. Qb4 Qa6 25. Bf1 Qa7 26. Qb7 Kg6 27. Kf2 Kf6 28. Be2 Ke7 29. Rb4 g5 30. Bd1 gxf4 31. gxf4 Qxb7 32. Rxb7 Ra5 33. Rb4 Rb5 34. Bxa4 Rxb4 35. axb4 Kf6 36. Kg3 Kg6 37. Bd1 Kf6 38. Be2 Kg6 39. Kh4 Kf6 40. Kh5 Kg7 41. Ba6 Be8+ 42. Kh4 Bd7 43. Bb7 Be8 44. Kg3 Kf6 45. Bc8 Ke7 46. Kh4 Kf6 47. Ba6 Ke7 48. Be2 Kf6 49. Bh5 Bd7 50. Bg4 Be8 51. Bh3 Bd7 52. Kh5 Kg7 53. Bf1 Be8+ 54. Kg4 Kf6 55. Be2 Bd7 56. Kg3 Kg6 57. Kg2 Kf6 58. Ba6 Kf5 59. Kg3 Kf6 60. Bb7 Be8 61. Kf2 Kf5 62. h3 Kg6 63. Bc8 Kf6 64. Ke1 Ke7 65. Kd2 Bg6 66. Bb7 Kd7 67. Ba6 Bf5 68. Bf1 Bg6 69. Kc3 Kc7 70. Kb3 Kb7 71. Ka4 Be8 72. Ka5 Bg6 73. Ba6+ Kc7 74. Be2 h5 75. Ka6 h4 76. Bg4 Kd7 77. Kb7 Be8 78. f5 e5 79. f6+ Kd8 80. dxe5 Bd7 81. e6 Bc8+ 82. Kxc6 d4 83. exd4 e3 84. Kd6 Ke8 85. Bh5+ Kf8 86. e7+ Kg8 87. e8=Q+ Kh7 88. Qg6+ Kh8 89. Qg7# 1-0


[Site "https://www.chess.com"]

[Event "Titled Tuesday Blitz July 20 2021"]
[White "Trakru, Rohun"]
[Black "Derraugh, Geordie"]
[WhiteFideId "2097613"]
[BlackFideId "2603950"]
[WhiteElo "1746"]
[BlackElo "2132"]
[Result "1-0"]
[Round "08"]
[TimeControl "180+1"]
[Date "2021.07.21"]
[WhiteClock "0:00:12"]
[BlackClock "0:00:08"]

1. d4 Nf6 2. Bg5 d5 3. Bxf6 gxf6 4. e3 c5 5. Nf3 Nc6 6. c4 dxc4 7. d5 Ne5 8. Nxe5 fxe5 9. Bxc4 Qd6 10. Nc3 f5 11. Nb5 Qb6 12. Qh5+ Kd8 13. O-O-O a6 14. d6 exd6 15. Qg5+ Be7 16. Qg7 Re8 17. Nc3 Bd7 18. Nd5 Qa5 19. Nxe7 Rxe7 20. Qf8+ Re8 21. Qxd6 Qc7 22. Qf6+ Kc8 23. Rd6 b5 24. Bf7 Rd8 25. Rhd1 Kb7 26. Bd5+ Kb8 27. Bxa8 Kxa8 28. Rxa6+ Kb7 29. Rad6 c4 30. Qxe5 c3 31. Qxc3 Qb8 32. Rxd7+ Rxd7 33. Rxd7+ 1-0


[Site "https://www.chess.com"]

[Event "Titled Tuesday Blitz July 20 2021"]
[White "Triapishko, Alexandr"]
[Black "Kretov, Evgenij"]
[WhiteFideId "14122286"]
[BlackFideId "4167821"]
[WhiteElo "2490"]
[BlackElo "2400"]
[Result "1-0"]
[Round "08"]
[TimeControl "180+1"]
[Date "2021.07.20"]
[WhiteClock "0:00:03"]
[BlackClock "0:00:14"]

1. d4 Nf6 2. c4 c5 3. d5 e5 4. Nc3 d6 5. e4 Be7 6. Nf3 O-O 7. Be2 Ne8 8. O-O Nd7 9. Ne1 Bg5 10. Nd3 g6 11. a3 Bxc1 12. Qxc1 a5 13. f4 exf4 14. Qxf4 Qe7 15. Bg4 f6 16. Bxd7 Bxd7 17. a4 Ng7 18. Ra3 b6 19. Rb3 Rab8 20. Nb5 Bxb5 21. Rxb5 Ne8 22. Nxc5 Nc7 23. Ne6 Nxb5 24. cxb5 Rfc8 25. Nd4 Rb7 26. Nc6 Qf8 27. Qxf6 Rf7 28. Qxf7+ Qxf7 29. Rxf7 Kxf7 30. Kf2 Kf6 31. Ke3 Kg5 32. e5 Re8 33. Ke4 h5 34. h3 Kh4 35. Kf4 dxe5+ 36. Nxe5 Rf8+ 37. Ke4 Rf6 38. Nf3+ Kg3 39. Ke5 Rf8 40. d6 Kxg2 41. Ng5 Rf5+ 42. Ke6 Rxg5 43. d7 Kxh3 44. d8=Q Rg2 45. Qxb6 g5 46. Qxa5 g4 47. b6 g3 48. Qxh5# 1-0


[Site "https://www.chess.com"]

[Event "Titled Tuesday Blitz July 20 2021"]
[White "Tronenkovs, Valdis"]
[Black "Yaran, Siar"]
[WhiteFideId "11601558"]
[BlackFideId "6323006"]
[WhiteElo "2232"]
[BlackElo "1977"]
[Result "0-1"]
[Round "08"]
[TimeControl "180+1"]
[Date "2021.07.21"]
[WhiteClock "0:00:02"]
[BlackClock "0:00:11"]

1. e4 e5 2. Bc4 Nf6 3. d3 Nc6 4. Nc3 Na5 5. Bb3 Nxb3 6. axb3 d5 7. exd5 Nxd5 8. Qh5 Nb4 9. Qxe5+ Be7 10. Kd1 O-O 11. Nf3 Re8 12. Re1 Be6 13. Bd2 Bf6 14. Qc5 Nxd3 15. cxd3 Bxb3+ 16. Kc1 Qxd3 17. Nb5 b6 18. Qc6 Red8 19. Re3 Qf1+ 20. Ne1 Qxf2 21. Nd6 cxd6 0-1


[Site "https://www.chess.com"]

[Event "Titled Tuesday Blitz July 20 2021"]
[White "Tsaruk, Maksim"]
[Black "Krallis, Christos"]
[WhiteFideId "13511173"]
[BlackFideId "4298896"]
[WhiteElo "2184"]
[BlackElo "2193"]
[Result "1-0"]
[Round "08"]
[TimeControl "180+1"]
[Date "2021.07.21"]
[WhiteClock "0:00:03"]
[BlackClock "0:00:03"]

1. Nf3 Nf6 2. d4 d5 3. Bf4 c5 4. e3 e6 5. c3 Bd6 6. Bg3 Qc7 7. Nbd2 Nbd7 8. Be2 O-O 9. O-O Bxg3 10. hxg3 e5 11. Rc1 e4 12. Ne1 cxd4 13. cxd4 Qd6 14. Qc2 Rd8 15. Qc7 Nf8 16. Qxd6 Rxd6 17. Nc2 Ne6 18. Nb3 Ng5 19. Nb4 Rb6 20. a3 Bg4 21. Bxg4 Nxg4 22. Rc5 Nf6 23. Rfc1 h6 24. R1c3 Ne6 25. Nxd5 Nxd5 26. Rxd5 a5 27. Rxa5 Rxa5 28. Nxa5 Rxb2 29. Rb3 Ra2 30. Nxb7 Ra1+ 31. Kh2 Ra2 32. d5 Ng5 33. d6 Rd2 34. Rb4 Kf8 35. Rd4 Rxd4 36. exd4 Ke8 37. Nc5 Kd8 38. g4 g6 39. Kg3 f5 40. gxf5 gxf5 41. Kf4 Nf7 42. Kxf5 Nxd6+ 43. Kg6 Nb5 44. Nxe4 Nxa3 45. Kxh6 Nc2 46. d5 Nb4 47. d6 Nd3 48. g4 Kd7 49. g5 Ke6 50. g6 Ne5 51. g7 Nf7+ 52. Kh5 Kf5 53. g8=Q Ne5 54. Ng3+ Kf6 55. Qg5+ Kf7 56. Qxe5 1-0


[Site "https://www.chess.com"]

[Event "Titled Tuesday Blitz July 20 2021"]
[White "Tsotsonava, Elene"]
[Black "Martins, Igor Carvalho Ribeiro"]
[WhiteFideId "13615939"]
[BlackFideId "2162962"]
[WhiteElo "1847"]
[BlackElo "2521"]
[Result "0-1"]
[Round "08"]
[TimeControl "180+1"]
[Date "2021.07.21"]
[WhiteClock "0:00:03"]
[BlackClock "0:00:18"]

1. e4 c5 2. Nf3 d6 3. d4 cxd4 4. Nxd4 Nf6 5. Nc3 a6 6. Bg5 e6 7. f4 Be7 8. Qf3 Qc7 9. O-O-O Nbd7 10. g4 b5 11. Bxf6 Nxf6 12. g5 Nd7 13. f5 Nc5 14. Rg1 b4 15. Nce2 Bb7 16. Ng3 Bxg5+ 17. Kb1 Bf6 18. fxe6 fxe6 19. Nh5 Be5 20. Bh3 Qe7 21. Qg4 g6 22. Nf4 Bxf4 23. Qxf4 e5 24. Qh6 exd4 25. Rxg6 Bxe4 26. Rg7 Qe5 27. Rdg1 Bxc2+ 28. Kxc2 Qe4+ 29. Kd1 Qb1+ 30. Ke2 Qd3+ 31. Ke1 Qe3+ 32. Kd1 Qxh6 33. Rg8+ Ke7 34. Rxh8 Rxh8 35. Re1+ Qe3 36. Rxe3+ dxe3 37. Ke2 Kf6 38. Kxe3 Re8+ 39. Kd4 Re4+ 40. Kd5 Rh4 41. Bc8 Rxh2 42. Kxd6 Nd3 43. Bxa6 Nxb2 44. Kc5 Rh4 45. Bc8 Rf4 46. Bb7 h5 47. a4 bxa3 0-1


[Site "https://www.chess.com"]

[Event "Titled Tuesday Blitz July 20 2021"]
[White "ValeriyGrinev"]
[Black "Primbetov, Kazbek"]
[BlackFideId "13702297"]
[WhiteElo "2631"]
[BlackElo "2184"]
[Result "1-0"]
[Round "08"]
[TimeControl "180+1"]
[Date "2021.07.21"]
[WhiteClock "0:00:54"]
[BlackClock "0:00:02"]

1. e4 e6 2. d4 d5 3. Nc3 Bb4 4. Ne2 dxe4 5. a3 Be7 6. Nxe4 Nf6 7. N2g3 O-O 8. c3 Nbd7 9. Bd3 e5 10. Be3 exd4 11. Bxd4 Nxe4 12. Nxe4 c5 13. Be3 f5 14. Bc4+ Kh8 15. Nd6 Ne5 16. Nxc8 Nxc4 17. Nxe7 Qxe7 18. Qe2 Qe4 19. Qf3 Qxf3 20. gxf3 b6 21. b3 Na5 22. b4 Nc4 23. bxc5 f4 24. Bd4 Rfe8+ 25. Kf1 bxc5 26. Bxc5 Nd2+ 27. Kg2 Re5 28. Bd6 Rg5+ 29. Kh3 Rf8 30. Rhg1 Rd5 31. Bxf8 Nxf3 32. Bxg7+ Kg8 33. Bh6+ Kf7 34. Bxf4 Nxg1+ 35. Rxg1 1-0


[Site "https://www.chess.com"]

[Event "Titled Tuesday Blitz July 20 2021"]
[White "Vyatkin, Dmitry"]
[Black "Pert, Richard G"]
[WhiteFideId "4171900"]
[BlackFideId "404748"]
[WhiteElo "2279"]
[BlackElo "2441"]
[Result "1-0"]
[Round "08"]
[TimeControl "180+1"]
[Date "2021.07.21"]
[WhiteClock "0:00:39"]
[BlackClock "0:00:13"]

1. d4 Nf6 2. c4 e6 3. g3 d5 4. Nf3 dxc4 5. Bg2 Bb4+ 6. Bd2 c5 7. O-O O-O 8. Qc1 Qe7 9. Qxc4 b5 10. Qc2 Bb7 11. Bxb4 cxb4 12. Nbd2 Nc6 13. Rac1 Rac8 14. Qc5 Qxc5 15. dxc5 Rfd8 16. Nb3 a5 17. Rfd1 Rxd1+ 18. Rxd1 a4 19. Nbd4 Rd8 20. Rd2 Ne4 21. Nxc6 Nxd2 22. Nxd8 Bd5 23. Nxd2 1-0


[Site "https://www.chess.com"]

[Event "Titled Tuesday Blitz July 20 2021"]
[White "Wagner, Dennis"]
[Black "De Silva, L M S T"]
[WhiteFideId "24650684"]
[BlackFideId "9953698"]
[WhiteElo "2355"]
[BlackElo "1621"]
[Result "1-0"]
[Round "08"]
[TimeControl "180+1"]
[Date "2021.07.20"]
[WhiteClock "0:00:10"]
[BlackClock "0:00:02"]

1. c4 e5 2. d3 Nf6 3. Nf3 Nc6 4. a3 a5 5. Nc3 d5 6. cxd5 Nxd5 7. e4 Nb6 8. Be3 Be7 9. Be2 O-O 10. O-O f5 11. exf5 Bxf5 12. Rc1 a4 13. Bxb6 cxb6 14. Nxa4 Nd4 15. Nxd4 exd4 16. Qb3+ Kh8 17. Nxb6 Ra6 18. Nc4 Rh6 19. f4 Bf6 20. Qxb7 Re8 21. Rfe1 Be4 22. dxe4 d3 23. Bxd3 Bd4+ 24. Ne3 Qh4 25. h3 Qg3 26. Qd7 Bxe3+ 27. Kh1 Rg8 28. Rxe3 Qxe3 29. Rc8 Rxh3+ 30. gxh3 Qf3+ 31. Kg1 Qg3+ 32. Kf1 Qxf4+ 33. Ke2 Qh2+ 34. Kd1 Qg1+ 35. Kc2 Qc5+ 36. Rxc5 1-0


[Site "https://www.chess.com"]

[Event "Titled Tuesday Blitz July 20 2021"]
[White "Zaksaite, Salomeja"]
[Black "Gubajdullin, Alexei"]
[WhiteFideId "12801496"]
[BlackFideId "4141202"]
[WhiteElo "2002"]
[BlackElo "2403"]
[Result "1-0"]
[Round "08"]
[TimeControl "180+1"]
[Date "2021.07.21"]
[WhiteClock "0:00:10"]
[BlackClock "0:00:45"]

1. e4 g6 2. d4 Bg7 3. Nc3 d6 4. Bc4 Nf6 5. Bb3 O-O 6. Qe2 c6 7. f4 d5 8. e5 Ne8 9. Nf3 Bg4 10. Be3 e6 11. h3 Bxf3 12. Qxf3 Nd7 13. Ne2 c5 14. dxc5 Nxc5 15. Bxc5 Qa5+ 16. Qc3 Qa6 17. Bxf8 Bxf8 18. a3 Qb6 19. O-O-O Nc7 20. Nd4 a5 21. g4 a4 22. Ba2 Ra5 23. Kb1 Na6 24. Ka1 Nc5 25. f5 Ne4 26. Qc8 Rc5 27. Qe8 exf5 28. gxf5 Nf2 29. e6 fxe6 30. fxe6 Rc7 31. Rhf1 Re7 32. Qc8 Qc7 33. Qxc7 Rxc7 34. Rxf2 Bc5 35. e7 Rxe7 36. Bxd5+ Kg7 37. Ne6+ Rxe6 38. Bxe6 Bxf2 39. Rd7+ Kf6 40. Bg8 h5 41. Rxb7 g5 42. Rb5 g4 43. Rxh5 g3 44. Bd5 Bd4 45. Bg2 Kg6 46. Ra5 Kf6 47. Rxa4 Bf2 48. Rg4 Kf5 49. a4 Ke5 50. a5 Kd6 51. a6 Kc7 52. b4 Kb6 53. Rg6+ Ka7 54. Kb2 Bd4+ 55. c3 Be5 56. Kb3 Kb8 57. Kc4 Ka7 58. Kd5 Bxc3 59. b5 Bb2 60. Rxg3 Kb6 61. Rg6+ Kxb5 62. a7 Kb4 63. a8=Q Kc3 64. Qc6+ Kd2 65. Kc4 Be5 66. Qd5+ Bd4 67. Qxd4+ Ke2 68. Bf3+ Kf1 69. Qd1+ Kf2 70. Qe2# 1-0


[Site "https://www.chess.com"]

[Event "Titled Tuesday Blitz July 20 2021"]
[White "Zherebtsova, Alexandra"]
[Black "Janaszak, Dawid"]
[WhiteFideId "24129518"]
[BlackFideId "1119206"]
[WhiteElo "2025"]
[BlackElo "2332"]
[Result "1-0"]
[Round "08"]
[TimeControl "180+1"]
[Date "2021.07.21"]
[WhiteClock "0:01:04"]
[BlackClock "0:00:24"]

1. d4 Nf6 2. Nf3 g6 3. c4 Bg7 4. Nc3 O-O 5. e4 d6 6. h3 c5 7. d5 e6 8. Bd3 Re8 9. O-O exd5 10. exd5 Nbd7 11. Re1 a6 12. a4 b6 13. Bf4 Rxe1+ 14. Qxe1 Nf8 15. Qe3 Nh5 16. Bh2 Bf6 17. Re1 Ng7 18. g4 Ra7 19. Qf4 Re7 20. Qxd6 Rxe1+ 21. Nxe1 Qe8 22. Nf3 Bxc3 23. bxc3 Qxa4 24. Qd8 Ne8 25. Qxc8 Qd1+ 26. Kg2 Qxd3 27. Qxe8 Kg7 28. Be5+ f6 29. Qe7+ 1-0


[Site "https://www.chess.com"]

[Event "Titled Tuesday Blitz July 20 2021"]
[White "Zhigalko, Sergei"]
[Black "Pakleza, Zbigniew"]
[WhiteFideId "13502956"]
[BlackFideId "1119290"]
[WhiteElo "2662"]
[BlackElo "2526"]
[Result "0-1"]
[Round "08"]
[TimeControl "180+1"]
[Date "2021.07.20"]
[WhiteClock "0:00:01"]
[BlackClock "0:00:06"]

1. e4 d6 2. d4 Nf6 3. Nc3 c6 4. Nf3 Bg4 5. h3 Bh5 6. Be2 e6 7. O-O Be7 8. e5 dxe5 9. Nxe5 Bxe2 10. Nxe2 Nbd7 11. Nf3 O-O 12. Bf4 Qb6 13. Rb1 Rfd8 14. c3 c5 15. Re1 Qa6 16. a3 Nb6 17. Qc2 Nc4 18. Rbd1 Rac8 19. Ne5 Nd5 20. Bg3 Ndb6 21. Nxf7 Kxf7 22. Nf4 Kg8 23. Nxe6 cxd4 24. Nxd8 Bxd8 25. Re8+ Kf7 26. Qe4 Nd7 27. Rh8 Nf6 28. Qf5 Qe6 29. Qxe6+ Kxe6 30. Rxd4 Nd7 31. Rxc4 Rxc4 32. Rxd8 Ke7 33. Rh8 h6 34. Kf1 Rc6 35. Ra8 a6 36. Ke2 Nc5 37. Rg8 Re6+ 38. Kd1 Kf7 0-1


[Site "https://www.chess.com"]

[Event "Titled Tuesday Blitz July 20 2021"]
[White "Zia, Tahsin Tajwar"]
[Black "Derige Kane, Yan"]
[WhiteFideId "10211888"]
[BlackFideId "20665431"]
[WhiteElo "1800"]
[BlackElo "2169"]
[Result "0-1"]
[Round "08"]
[TimeControl "180+1"]
[Date "2021.07.21"]
[WhiteClock "0:00:07"]
[BlackClock "0:00:04"]

1. d4 Nf6 2. c4 e6 3. Nc3 Bb4 4. Bd2 b6 5. e3 Bb7 6. Nf3 c5 7. a3 Ba5 8. Bd3 O-O 9. O-O d5 10. cxd5 exd5 11. Qb1 Bxc3 12. Bxc3 Nbd7 13. dxc5 bxc5 14. b4 c4 15. Bf5 Qe7 16. Rd1 Rfd8 17. Qb2 g6 18. Bc2 Ne4 19. Bxe4 Qxe4 20. Rd4 Qe6 21. Rad1 Nb6 22. Rf4 Na4 23. Qc2 Nxc3 24. Qxc3 f5 25. Ng5 Qe7 26. h4 Rac8 27. Nf3 Rd6 28. h5 Qf6 29. Nd4 Ra6 30. hxg6 hxg6 31. g4 Qg5 32. Kg2 fxg4 33. Rh1 Rf6 34. Kg3 Rxf4 35. exf4 Qf6 36. Qe3 c3 37. f5 gxf5 38. Qf4 Rc4 39. Rh6 Qxd4 40. Rg6+ Qg7 41. Rxg7+ Kxg7 42. Qe5+ Kf7 43. Qxf5+ Ke7 44. Qh7+ Kd6 45. Qc2 d4 46. Qg6+ Kd5 47. Qf5+ Kd6 48. Qf6+ Kd5 49. Qf5+ Kc6 50. Qg6+ Kb5 51. Qd3 c2 52. a4+ Kxb4 53. Qd2+ Kb3 54. Qd3+ Rc3 0-1


[Site "https://www.chess.com"]

[Event "Titled Tuesday Blitz July 20 2021"]
[White "ketster"]
[Black "Manzone, Alessandro"]
[BlackFideId "112488"]
[WhiteElo "2457"]
[BlackElo "2327"]
[Result "0-1"]
[Round "08"]
[TimeControl "180+1"]
[Date "2021.07.21"]
[WhiteClock "0:00:15"]
[BlackClock "0:00:25"]

1. d4 Nf6 2. c4 e6 3. Nf3 Bb4+ 4. Bd2 a5 5. g3 d5 6. Bg2 O-O 7. O-O dxc4 8. Bg5 h6 9. Bxf6 Qxf6 10. a3 Bd6 11. Nbd2 b5 12. e4 e5 13. Re1 c6 14. a4 Na6 15. axb5 cxb5 16. Rxa5 Rb8 17. dxe5 Bxe5 18. Nxe5 Qxe5 19. Qa1 Nb4 20. Nxc4 Qc5 21. Ne3 Be6 22. Rc1 Qd4 23. Qa3 Rfd8 24. h4 Nd3 25. Rd1 b4 26. Qa1 Qxb2 27. Qxb2 Nxb2 28. Rxd8+ Rxd8 29. Rb5 b3 30. Nd5 f5 31. exf5 Bf7 32. Rxb3 Nc4 33. Ne7+ Kf8 34. Rb7 Nd6 35. Ra7 Re8 36. Nc6 Re1+ 37. Kh2 Nxf5 38. Ra8+ Be8 39. Nb4 Ke7 40. Nd5+ Kf7 41. Ra7+ Kf8 42. Nf4 Re7 43. Ra8 Kf7 44. Bd5+ Kf6 45. Kg2 g5 46. hxg5+ hxg5 47. Ne6 Bf7 48. Ra6 Bxe6 49. Bxe6 Rxe6 50. Ra5 Ne7 51. Ra8 Ng6 52. Rb8 Re2 53. Ra8 g4 54. Ra6+ Kf5 55. Ra5+ Ne5 56. Ra4 Re4 57. Ra5 Kf6 58. Ra6+ Ke7 59. Ra7+ Ke6 60. Ra6+ Kd5 61. Ra5+ Kd4 62. Ra4+ Nc4 63. Ra8 Kd3 64. Rd8+ Ke2 65. Rg8 Nd2 66. Rf8 Nf3 67. Rf4 Kd3 68. Rf7 Re1 69. Rxf3+ gxf3+ 70. Kxf3 Kd4 71. Kg4 Ke5 72. f4+ Kf6 73. Kf3 Ra1 74. Kg4 Ra3 75. Kh4 Kf5 76. Kh3 Ra1 77. Kg2 Kg4 78. Kf2 Ra3 79. Kg2 Rxg3+ 80. Kf2 Rf3+ 81. Ke2 Rxf4 82. Kd2 Rf3 83. Ke2 Kf4 84. Kd2 Re3 85. Kc2 Ke4 86. Kd1 Kd3 87. Kc1 Re2 88. Kb1 Rc2 89. Ka1 Kc3 90. Kb1 Kb3 91. Ka1 Rc1# 0-1


[Site "https://www.chess.com"]

[Event "Titled Tuesday Blitz July 20 2021"]
[White "Aldokhin, Ivan"]
[Black "Sarana, Alexey"]
[WhiteFideId "24115720"]
[BlackFideId "24133795"]
[WhiteElo "2306"]
[BlackElo "2646"]
[Result "0-1"]
[Round "09"]
[TimeControl "180+1"]
[Date "2021.07.21"]
[WhiteClock "0:00:09"]
[BlackClock "0:00:17"]

1. e4 c5 2. Nf3 d6 3. d4 cxd4 4. Nxd4 Nf6 5. Nc3 a6 6. Bc4 e6 7. Bb3 b5 8. Qe2 b4 9. Nd1 Bd7 10. O-O Nc6 11. Nxc6 Bxc6 12. f3 d5 13. e5 Bb5 14. c4 bxc3 15. Qe1 Bxf1 16. exf6 Bb5 17. Nxc3 gxf6 18. Nxd5 Bd6 19. Bh6 Rg8 20. Rd1 Rg6 21. Bf4 Kf8 22. a4 exd5 23. Bxd6+ Qxd6 24. axb5 axb5 25. Rxd5 Qb6+ 26. Kh1 Rd8 27. Rxd8+ Qxd8 28. h3 Rg5 29. Qb4+ Qe7 30. Qf4 Qe1+ 31. Kh2 Qe5 32. Qxe5 fxe5 33. h4 Rg6 34. Kh3 Rd6 0-1


[Site "https://www.chess.com"]

[Event "Titled Tuesday Blitz July 20 2021"]
[White "Altman, Joshua"]
[Black "Toshali, V"]
[WhiteFideId "426210"]
[BlackFideId "5072611"]
[WhiteElo "1945"]
[BlackElo "1754"]
[Result "1-0"]
[Round "09"]
[TimeControl "180+1"]
[Date "2021.07.21"]
[WhiteClock "0:02:35"]
[BlackClock "0:02:26"]

1. d4 d5 2. c4 c6 3. cxd5 cxd5 4. Nf3 Nc6 5. Nc3 Nf6 6. Bf4 Bf5 7. e3 a6 8. Rc1 e6 9. Qb3 Qd7 10. Be2 Bb4 11. O-O Bxc3 12. Rxc3 O-O 13. Ne5 Nxe5 14. Bxe5 Rfc8 15. Rfc1 Ne4 16. Rc7 Rxc7 17. Rxc7 Qb5 18. Bxb5 1-0


[Site "https://www.chess.com"]

[Event "Titled Tuesday Blitz July 20 2021"]
[White "Ambartsumova, Karina"]
[Black "Begunov, Konstantin"]
[WhiteFideId "4166299"]
[BlackFideId "4118510"]
[WhiteElo "2262"]
[BlackElo "2262"]
[Result "1-0"]
[Round "09"]
[TimeControl "180+1"]
[Date "2021.07.21"]
[WhiteClock "0:00:13"]
[BlackClock "0:00:20"]

1. c4 c6 2. Nf3 d5 3. d4 Nf6 4. g3 Bg4 5. Ne5 Bf5 6. Qb3 Qc8 7. Nc3 e6 8. Bg2 Nbd7 9. O-O Nxe5 10. dxe5 Nd7 11. e4 Nc5 12. Qc2 dxe4 13. Nxe4 Be7 14. Be3 Nxe4 15. Bxe4 Bxe4 16. Qxe4 O-O 17. h4 h6 18. Kg2 Rd8 19. Qg4 Kh7 20. Qe4+ Kh8 21. Rae1 Qc7 22. Rh1 Qa5 23. a3 Qa4 24. g4 Qb3 25. g5 Bf8 26. gxh6 gxh6 27. Bg5 Rd7 28. Bf6+ Bg7 29. Qf4 Qd3 30. Qxh6+ Qh7 31. Bxg7+ Kg8 32. Qxh7+ Kxh7 33. Bf6 Rg8+ 34. Kf1 Rd2 35. Rg1 Rg6 36. Rxg6 Kxg6 37. Re2 Rd1+ 38. Kg2 Rc1 39. b3 Rc3 40. Re3 Rc2 41. Rg3+ Kh5 42. a4 a5 43. Rg7 Rb2 44. Rh7+ Kg4 45. Rg7+ Kf5 46. h5 Rxb3 47. h6 Rc3 48. h7 Rxc4 49. h8=Q Rxa4 50. Qh5+ Kf4 51. Rg4# 1-0


[Site "https://www.chess.com"]

[Event "Titled Tuesday Blitz July 20 2021"]
[White "Araujo Filho, Luiz Antonio Coel"]
[Black "Odegov, Artem"]
[WhiteFideId "2130661"]
[BlackFideId "34183644"]
[WhiteElo "2236"]
[BlackElo "2288"]
[Result "1-0"]
[Round "09"]
[TimeControl "180+1"]
[Date "2021.07.21"]
[WhiteClock "0:00:34"]
[BlackClock "0:01:08"]

1. d4 Nf6 2. Nf3 g6 3. c4 Bg7 4. Nc3 O-O 5. e4 d6 6. Be2 e5 7. dxe5 dxe5 8. O-O c6 9. Qc2 Qc7 10. Rd1 Bg4 11. b4 Na6 12. b5 Nc5 13. Ba3 b6 14. bxc6 Qxc6 15. Nxe5 Qc8 16. Nxg4 Nxg4 17. Rac1 h5 18. Nd5 Kh8 19. h3 Ne5 20. f4 Nc6 21. Bb2 f6 22. e5 fxe5 23. Qxg6 Qf5 24. Qxc6 Rac8 25. Qd6 Ne4 26. Qe7 Rf7 27. Qh4 exf4 28. Bxh5 Bxb2 29. Bg6+ Rh7 30. Qxh7# 1-0


[Site "https://www.chess.com"]

[Event "Titled Tuesday Blitz July 20 2021"]
[White "Babiy, Olga"]
[Black "Sarkar, Justin"]
[WhiteFideId "14117258"]
[BlackFideId "2010011"]
[WhiteElo "2230"]
[BlackElo "2072"]
[Result "1-0"]
[Round "09"]
[TimeControl "180+1"]
[Date "2021.07.21"]
[WhiteClock "0:00:05"]
[BlackClock "0:00:04"]

1. c4 e6 2. Nc3 d5 3. e4 dxe4 4. Nxe4 Nc6 5. Nf3 e5 6. d3 Bb4+ 7. Bd2 Bxd2+ 8. Qxd2 Bg4 9. Be2 Nge7 10. h3 Bxf3 11. Bxf3 O-O 12. Nc5 Rb8 13. b4 b6 14. Nb3 a5 15. a3 a4 16. Bxc6 Nxc6 17. Nc1 Qd4 18. Ra2 e4 19. Qe3 Qxe3+ 20. fxe3 Ne5 21. Kd2 exd3 22. Kc3 Rbd8 23. Rd2 Rfe8 24. Nxd3 Ng6 25. Re1 Rd7 26. Nb2 Rxd2 27. Kxd2 f6 28. Nxa4 Ra8 29. Nc3 Rxa3 30. Nd5 Ne5 31. Rc1 Ra2+ 32. Kc3 Rxg2 33. Nxc7 Rg3 34. Kd4 Nc6+ 35. Ke4 Nxb4 36. Rb1 Nc2 37. Nd5 Na3 38. Rb4 Kf7 39. Nxb6 Nc2 40. Rb3 Rg2 41. c5 Rd2 42. c6 Ke6 43. c7 Ne1 44. c8=Q+ Kf7 45. Qc7+ Kg6 46. Qc3 Kh6 47. Qxd2 Nf3 48. Kxf3 g5 49. e4 f5 50. Ke2 Kh5 51. Rf3 h6 52. exf5 Kh4 53. f6 Kh5 54. f7 g4 55. f8=Q Kh4 56. Rf4 Kg3 57. Rxg4+ Kh2 58. Qf2+ Kh1 59. Qde1# 1-0


[Site "https://www.chess.com"]

[Event "Titled Tuesday Blitz July 20 2021"]
[White "Bach, Ngoc Thuy Duong"]
[Black "Ouellet, Maili-Jade"]
[WhiteFideId "12408956"]
[BlackFideId "2620472"]
[WhiteElo "1896"]
[BlackElo "1886"]
[Result "0-1"]
[Round "09"]
[TimeControl "180+1"]
[Date "2021.07.21"]
[WhiteClock "0:00:01"]
[BlackClock "0:00:05"]

1. d4 d5 2. c4 e6 3. Nc3 Nf6 4. cxd5 exd5 5. Bg5 Be7 6. Qc2 O-O 7. e3 c6 8. Bd3 Nbd7 9. Nf3 Re8 10. O-O Nf8 11. Ne5 Ne4 12. Bf4 f6 13. Nf3 f5 14. Ne5 Ng6 15. f3 Nxf4 16. exf4 Nd6 17. b4 g6 18. Rab1 Qb6 19. Qf2 a6 20. a4 Be6 21. a5 Qc7 22. Na4 Rad8 23. Nc5 Bf7 24. Rfe1 Bf6 25. Qc2 Nc4 26. Bxc4 dxc4 27. Nxf7 Bxd4+ 28. Kh1 Qxf7 29. Rxe8+ Rxe8 30. Rd1 Bxc5 31. bxc5 Qd5 32. h3 Qxc5 33. Qc3 Re7 34. Rd8+ Kf7 35. Rh8 Qd5 36. Rxh7+ Ke8 37. Rh8+ Kd7 38. Rb8 Kc7 39. Rh8 Qd3 40. Qb4 Rd7 41. Qb6+ Kd6 42. Qb4+ c5 43. Qb6+ Kd5 44. Qf6 Qd1+ 45. Kh2 Qd4 46. Qxg6 Rd6 47. Qf7+ Kc6 48. Rc8+ Kb5 49. Qxb7+ Kxa5 50. Qc7+ Rb6 51. Rb8 Qb2 0-1


[Site "https://www.chess.com"]

[Event "Titled Tuesday Blitz July 20 2021"]
[White "Baradaran, Arman"]
[Black "Pacheco Lugo, Alejandro Jose"]
[WhiteFideId "880515"]
[BlackFideId "3903745"]
[WhiteElo "2132"]
[BlackElo "2125"]
[Result "0-1"]
[Round "09"]
[TimeControl "180+1"]
[Date "2021.07.21"]
[WhiteClock "0:00:01"]
[BlackClock "0:00:17"]

1. d4 Nf6 2. c4 e6 3. g3 d5 4. Nf3 Be7 5. Bg2 O-O 6. O-O dxc4 7. Qc2 a6 8. a4 Bd7 9. Qxc4 Bc6 10. Bf4 Bd6 11. Bg5 Nbd7 12. Nc3 h6 13. Bxf6 Nxf6 14. Qd3 Bb4 15. Rfe1 Bxc3 16. Qxc3 Ne4 17. Qc2 Bd5 18. Ne5 f5 19. f3 Nf6 20. e4 Bxe4 21. fxe4 Qxd4+ 22. Kh1 Qxe5 23. exf5 Qxf5 24. Qxc7 Rf7 25. Qc4 Ng4 26. Qxe6 Nf2+ 27. Kg1 Qc5 28. Qe3 Qb4 29. Rf1 Raf8 30. Rae1 Kh8 31. Re2 Ng4 32. Qc1 Qd4+ 33. Kh1 Nf2+ 34. Kg1 Nd3+ 35. Kh1 Nxc1 36. Rxc1 Qxa4 37. h4 Qb5 38. Rec2 Qd3 39. Rc3 Qd2 40. R1c2 Qe1+ 41. Kh2 Rf2 42. Rxf2 Qxf2 43. Kh3 Qxb2 44. Rc7 b5 45. Ra7 Qa3 46. h5 b4 47. Be4 b3 48. Bg6 b2 49. Rb7 Qc3 50. Rb6 a5 51. Rb5 Qc8+ 52. Kh2 Qc3 0-1


[Site "https://www.chess.com"]

[Event "Titled Tuesday Blitz July 20 2021"]
[White "Bayo Milagro, Alvaro"]
[Black "Gracia Alvarez, Gerardo Antonio"]
[WhiteFideId "22275240"]
[BlackFideId "5109124"]
[WhiteElo "2270"]
[BlackElo "2148"]
[Result "1-0"]
[Round "09"]
[TimeControl "180+1"]
[Date "2021.07.21"]
[WhiteClock "0:00:54"]
[BlackClock "0:01:27"]

1. e4 c5 2. c3 Nf6 3. e5 Nd5 4. d4 cxd4 5. Nf3 Nc6 6. cxd4 d6 7. Bc4 dxe5 8. Nxe5 Nxe5 9. dxe5 Be6 10. O-O Qa5 11. b4 Qxb4 12. Bxd5 Rd8 13. Bd2 Qd4 14. Bxe6 fxe6 15. Qb3 g6 16. Bc3 Qd3 17. Na3 Qa6 18. Nb5 Qxb5 1-0


[Site "https://www.chess.com"]